 Dungeon Crawl Stone Soup version 0.22-a0-542-gce4f928 (webtiles) character file.

11 kae the Insei (level 2, 0/21 HPs)
             Began as a Demonspawn Transmuter on June 24, 2018.
             Slain by a jackal (1 damage)
             ... on level 1 of the Dungeon.
             The game lasted 00:00:23 (471 turns).

kae the Insei (Demonspawn Transmuter)                Turns: 471, Time: 00:00:23

Health: 0/21       AC:  2    Str: 10    XL:     2   Next: 13%
Magic:  4/5        EV: 12    Int: 14    God:
Gold:   19         SH:  0    Dex: 13    Spells: 4/5 levels left

rFire    . . .     SeeInvis .   c - +0 short sword
rCold    . . .     Gourm    .   (no shield)
rNeg     . . .     Faith    .   b - +0 robe
rPois    .         Spirit   .   (no helmet)
rElec    .         Reflect  .   (no cloak)
rCorr    .         Harm     .   (no gloves)
MR       .....                  (no boots)
Stlth    +.........             (no amulet)
HPRegen  0.07/turn              (no ring)
MPRegen  0.09/turn              (no ring)

@: appendage (expiring)
A: horns 2, talons 1
a: End Transformation


You were on level 1 of the Dungeon.
You were not hungry.
You had grown temporary horns.
You visited 1 branch of the dungeon, and saw 1 of its levels.

You collected 19 gold pieces.

Inventory:

Hand Weapons
 c - a +0 short sword (weapon)
Missiles
 a - 12 arrows
Armour
 b - a +0 robe (worn)
Scrolls
 e - a scroll of remove curse {unknown}
 h - a scroll of identify {unknown}
Potions
 f - 2 potions of lignification {unknown}
 g - a potion of degeneration {unknown}
Comestibles
 d - 2 rations


   Skills:
 + Level 1.1 Fighting
 - Level 1.7 Dodging
 * Level 2.9 Unarmed Combat
 + Level 2.1 Spellcasting
 * Level 2.1 Transmutations


You had 4 spell levels left.
You knew the following spells:

 Your Spells              Type           Power        Failure   Level  Hunger
a - Beastly Appendage     Tmut           #.....       10%         1    #......

Your spell library contained the following spells:

 Spells                   Type           Power        Failure   Level  Hunger
 Spider Form              Tmut/Pois      #.........   41%         3    ###....
 Blade Hands              Tmut           #.........   95%         5    ######.
 Ice Form                 Ice/Tmut       #.......     83%         4    #####..
 Sticks to Snakes         Tmut           #.......     14%         2    ###....


Dungeon Overview and Level Annotations

Branches:
Dungeon (1/15)

Altars:


Innate Abilities, Weirdness & Mutations

You have sharp toenails.
You have a pair of horns on your head.


Message History

You hit the frilled lizard.
You kill the frilled lizard!
The hobgoblin hits you. x2
The hobgoblin hits you.
You see here a frilled lizard corpse.
You hit the hobgoblin but do no damage. Your kick misses the hobgoblin.
A jackal comes into view.
The hobgoblin hits you.
* * * LOW HITPOINT WARNING * * *
You hit the hobgoblin.
You claw the hobgoblin, but do no damage.
The hobgoblin is heavily wounded.
The jackal barely misses you. The hobgoblin closely misses you.
You hit the hobgoblin.
You kill the hobgoblin!
A bat comes into view.
The jackal bites you.
* * * LOW HITPOINT WARNING * * *
The jackal bites you.
You die...

##################
##.....#..........######
#...........>...........
....................##..
........................
...h.$h@............#..#
.......=................
........................
.>......................
.#..#...................
#####?.................
##..#..#..#.(.#..#.
#.................
.........().


You could see 2 jackals.

Vanquished Creatures
  A leopard gecko (D:1)
  3 hobgoblins (D:1)
  3 kobolds (D:1)
  A bat (D:1)
  A frilled lizard (D:1)
9 creatures vanquished.

Notes
Turn   | Place    | Note
-------+----------+-------------------------------------------
     0 | D:1      | kae the Demonspawn Transmuter began the quest for the Orb.
     0 | D:1      | Reached XP level 1. HP: 15/15 MP: 3/3
   440 | D:1      | Gained mutation: You have sharp toenails. [demonic ancestry]
   440 | D:1      | Reached XP level 2. HP: 14/21 MP: 3/5
   471 | D:1      | HP: 1/21 [jackal (3)]
   471 | D:1      | Slain by a jackal

Vault maps used:
D:1:      co_arrival_hall_of_pillars

Skill      XL: |  1 |
---------------+----+-----
Transmutations | 2 |  2.1
Fighting       | |  1.1
Dodging        | |  1.7
Unarmed Combat | |  2.9
Spellcasting   | |  2.1

Action                   || total
-------------------------++-------
Melee: Short sword       ||    31
       Unarmed           ||    11
       Kick              ||     4
       Headbutt          ||     1
       Punch             ||     1
 Cast: Beastly Appendage ||     4
Armor: Robe              ||    12
Dodge: Dodged            ||    55

Table legend:
 A = Spawn XP
 B = Non-spawn XP
 C = Spawn XP percentage of total XP
 D = Spawn monster count
 E = Non-spawn monster count
 F = Spawn count percentage of total count
 G = Total turns spent on level
                    A         B        C        D         E        F      G
               +---------+---------+-------+---------+---------+-------+---------
         Total |       0 |      16 |   0.0 |       0 |       9 |   0.0 |   471
               +---------+---------+-------+---------+---------+-------+---------
           D:1 |       0 |      16 |   0.0 |       0 |       9 |   0.0 |   471
               +---------+---------+-------+---------+---------+-------+---------
